Map: Nightscape LE

Players

PiPuxD

  • Race: Terran Terran
  • League: Gold
  • Spawn Location: 7:00

MattBarry

  • Race: Zerg Zerg
  • League: Gold
  • Spawn Location: 7:00

BigGoch - Winner!

  • Race: Zerg Zerg
  • Spawn Location: 1:00

Tinc - Winner!

  • Race: Protoss Protoss
  • Spawn Location: 1:00

VOD

Have the link to the VOD?

Description

Time

  • Played on: Feb. 10, 2023, 5:49 p.m.
  • Length: 12:50
Show
View Real Time Build Order
Export as new Build Order

PiPuxD Terran 

Build Orders: 2 Factory, Reaper Expand, Mech 

Get SALT Encoding   

  12  0:00  SCV  
  13  0:12  SCV  
  14  0:19  Supply Depot  
  14  0:25  SCV  
  15  0:40  SCV  
  16  0:42  Barracks  
  16  0:47  Refinery  
  16  0:53  SCV  
  17  1:05  SCV  
  18  1:17  SCV  
  19  1:29  Orbital Command  
  19  1:34  Reaper  
  20  1:41  Command Center  
  20  1:47  Supply Depot  
  20  1:53  Refinery  
  20  1:55  SCV  
  21  2:07  SCV, Barracks Reactor  
  22  2:20  SCV  
  23  2:23  Factory  
  23  2:32  SCV  
  24  2:44  SCV  
  25  2:48  Marine x2  
  27  2:53  Factory  
  27  2:54  Orbital Command  
  27  2:56  SCV  
  28  3:09  Widow Mine  
  30  3:14  SCV  
  31  3:22  Marine x2  
  33  3:28  SCV x2  
  35  3:35  Bunker  
  35  3:37  Factory Tech Lab  
  35  3:46  SCV x2  
  37  3:59  Barracks Tech Lab  
  37  4:01  SCV  
  37  4:02  SCV  
  36  4:12  Armory  
  36  4:15  Hellion, Siege Tank  
  36  4:16  Hellion  
  43  4:20  Supply Depot  
  43  4:22  Supply Depot  
  43  4:23  Factory  
  45  4:24  SCV x2  
  45  4:42  Hellion x2  
  45  4:44  SCV x2  
  51  4:47  Supply Depot  
  51  4:50  Siege Tank  
  54  4:56  SCV x2  
  56  5:01  Terran Vehicle Weapons Level 1  
  56  5:02  Command Center  
  56  5:06  Hellion  
  58  5:08  SCV x2  
  58  5:13  Infernal Pre-Igniter  
  60  5:23  Siege Tank  
  60  5:26  Refinery  
  60  5:28  SCV x2  
  65  5:29  Refinery  
  65  5:30  Supply Depot  
  65  5:33  Engineering Bay  
  65  5:40  SCV x2  
  65  5:52  SCV x2  
  65  5:55  Siege Tank  
  70  6:00  Siege Tank  
  73  6:07  SCV x2  
  73  6:10  Supply Depot  
  75  6:13  Hellion x2  
  79  6:19  SCV x2  
  75  6:35  Orbital Command  
  81  6:47  Hellion x4  
  81  6:53  Supply Depot  
  81  6:54  Supply Depot  
  83  6:55  Starport  
  83  7:11  Missile Turret  
  83  7:12  Missile Turret  
  83  7:14  Missile Turret x2  
  83  7:17  SCV x2  
  83  7:19  Hellion x4  
  93  7:29  SCV x2  
  95  7:40  Hellion, Siege Tank  
  95  7:41  Hellion, Siege Tank  
  91  8:03  Hellion x2  
  95  8:14  Siege Tank x2  
  101  8:49  Siege Tank, Hellion x2  
  101  8:50  Siege Tank  
  111  9:04  Starport Reactor  
  107  9:20  Orbital Command  
  107  9:21  Hellion x2  
  76  9:33  Command Center  
  76  9:36  Siege Tank x2  
  80  9:46  Hellion x2  
  84  10:07  Hellion x2  
  84  10:08  Siege Tank  
  84  10:09  Siege Tank  
  84  10:11  Factory x2  
  84  10:13  Terran Vehicle Weapons Level 2  
  94  10:18  Armory  
  94  10:23  Liberator x2  
  100  10:37  Factory  
  100  10:38  Factory, Refinery  
  100  10:39  Factory, Refinery  
  100  10:41  Siege Tank x2  
  106  10:45  Hellion x2  
  110  10:57  Planetary Fortress  
  110  10:59  Missile Turret  
  107  11:04  SCV x3  
  109  11:13  Siege Tank x2  
  109  11:16  SCV  
  116  11:32  Factory Tech Lab x2  
  116  11:33  Factory Tech Lab  
  116  11:42  Liberator x2  
  116  11:44  Thor  
  126  12:06  Thor  
  131  12:09  Hellion  
  131  12:10  Hellion  
  131  12:12  Hellion  
  131  12:15  Refinery  
  130  12:16  Refinery  
  130  12:19  Command Center  
Show
View Real Time Build Order
Export as new Build Order

MattBarry Zerg 

Build Orders: Hatch First 

Get SALT Encoding   

  12  0:00  Drone  
  13  0:12  Overlord  
  13  0:16  Drone  
  14  0:30  Drone x2  
  16  0:53  Hatchery  
  16  0:55  Drone x2  
  17  0:59  Drone  
  18  1:07  Extractor  
  17  1:16  Spawning Pool  
  16  1:21  Drone  
  16  1:22  Drone  
  18  1:29  Drone  
  19  2:04  Zergling x2, Queen  
  19  2:05  Queen  
  19  2:06  Drone x3  
  27  2:26  Drone  
  27  2:27  Overlord  
  28  2:30  Evolution Chamber  
  28  2:32  Roach Warren  
  26  2:39  Zergling x4  
  27  3:08  Zergling x4  
  27  3:09  Zergling x8  
  33  3:13  Overlord x2  
  33  3:18  Metabolic Boost  
  32  3:32  Drone x3  
  32  3:33  Drone x2  
  37  3:37  Zerg Melee Weapons Level 1  
  37  3:44  Drone x3  
  40  3:51  Queen  
  40  3:53  Queen  
  44  3:57  Overlord  
  44  4:19  Drone  
  44  4:20  Drone x5  
  44  4:23  Extractor  
  49  4:24  Evolution Chamber  
  45  4:36  Drone x7  
  47  4:39  Queen  
  48  4:49  Queen  
  50  5:07  Extractor x2  
  50  5:08  Spore Crawler  
  50  5:09  Spore Crawler  
  50  5:11  Spore Crawler  
  50  5:12  Spore Crawler, Drone  
  45  5:16  Overlord x3  
  45  5:25  Zergling x2  
  45  5:26  Zergling x10  
  45  5:27  Overlord  
  51  5:33  Overlord x2  
  51  5:59  Lair  
  51  6:03  Drone x4  
  55  6:12  Zerg Ground Armor Level 1  
  55  6:20  Hatchery  
  50  6:57  Hatchery  
  47  7:01  Drone x4  
  47  7:02  Queen x2, Drone x12  
  66  7:15  Overseer  
  66  7:21  Drone x8  
  74  7:41  Zerg Melee Weapons Level 2  
  74  7:47  Hydralisk Den  
  74  7:48  Glial Reconstitution  
  74  7:51  Queen  
  73  7:54  Overlord  
  73  7:56  Drone x7  
  82  8:22  Queen  
  82  8:23  Overlord  
  82  8:25  Hydralisk x6  
  95  8:45  Hydralisk x9  
  113  8:54  Grooved Spines  
  113  8:56  Zerg Ground Armor Level 2  
  113  9:16  Spore Crawler  
  112  9:17  Spore Crawler, Extractor  
  112  9:18  Extractor  
  107  9:39  Hydralisk x6  
  119  9:51  Overlord x4  
  119  9:52  Overlord  
  119  10:16  Hydralisk x16, Lurker Den  
  119  10:17  Infestation Pit  
  112  10:54  Swarm Host  
  112  10:55  Zergling x46  
  112  10:56  Zergling x12  
  132  11:05  Overseer  
  132  11:18  Overlord x3  
  130  11:44  Overseer x2  
  102  12:00  Hatchery  
  79  12:12  Drone x15  
  79  12:13  Queen x4  
Show
View Real Time Build Order
Export as new Build Order

BigGoch Zerg - Winner!

Build Orders: Pool First, Lurkers, Roach Hydra 

Get SALT Encoding   

  12  0:10  Drone  
  13  0:14  Overlord  
  13  0:17  Drone  
  14  0:28  Extractor  
  14  0:29  Drone  
  14  0:30  Extractor  
  14  0:31  Drone  
  16  0:42  Drone  
  17  0:51  Spawning Pool  
  17  0:55  Drone  
  17  1:17  Hatchery, Extractor  
  15  1:21  Drone x2  
  17  1:27  Drone  
  18  1:37  Drone  
  19  1:41  Queen  
  22  1:47  Drone  
  22  2:01  Overlord  
  22  2:25  Hatchery  
  22  2:26  Drone x2  
  23  2:30  Queen  
  23  2:33  Metabolic Boost  
  25  2:38  Drone x2  
  25  2:41  Drone  
  28  2:48  Overlord  
  28  2:55  Overlord  
  28  3:03  Zergling x2  
  28  3:04  Zergling x6  
  32  3:07  Zergling x2  
  33  3:14  Queen  
  35  3:34  Zergling x8  
  35  3:35  Zergling x6  
  41  3:48  Queen  
  43  3:57  Drone x5  
  43  3:58  Drone x2  
  50  4:03  Drone x2  
  52  4:11  Baneling Nest  
  52  4:14  Lair  
  49  4:37  Drone x8  
  49  4:38  Drone  
  53  4:44  Drone x5  
  53  4:45  Drone  
  57  4:52  Roach Warren  
  56  4:56  Extractor  
  55  5:02  Baneling x3  
  55  5:03  Baneling x2  
  55  5:13  Extractor  
  54  5:15  Spore Crawler, Spine Crawler, Extractor  
  54  5:18  Spine Crawler  
  50  5:27  Hatchery, Drone x4  
  53  5:31  Spore Crawler  
  52  5:51  Drone x5  
  52  5:53  Overlord  
  52  5:54  Overlord x3  
  52  5:55  Glial Reconstitution  
  57  6:01  Evolution Chamber x2  
  55  6:12  Drone x4  
  59  6:19  Hydralisk Den  
  59  6:21  Roach x5  
  59  6:22  Roach  
  70  6:39  Overlord x2  
  70  6:42  Extractor  
  70  6:43  Drone x5  
  70  6:44  Extractor, Drone  
  70  6:46  Overseer x2  
  74  6:54  Drone x3  
  74  6:55  Drone  
  78  7:05  Zerg Ground Armor Level 1, Zerg Missile Weapons Level 1  
  78  7:06  Lurker Den  
  78  7:07  Drone x4  
  81  7:11  Spore Crawler  
  81  7:14  Drone x3  
  83  7:38  Roach x7  
  83  7:39  Roach x4  
  103  8:02  Hydralisk x3  
  103  8:03  Spine Crawler x2  
  107  8:09  Hydralisk x2  
  107  8:11  Overlord x3  
  107  8:12  Overlord x2  
  111  8:16  Overlord  
  111  8:17  Nydus Network  
  110  8:20  Muscular Augments  
  110  8:23  Drone x2  
  112  8:37  Overseer x2  
  112  8:41  Hydralisk x4  
  118  8:50  Ravager x5  
  118  8:51  Ravager  
  118  8:52  Zergling x8  
  118  8:53  Zergling x2  
  127  9:02  Roach x5, Zergling x4  
  139  9:03  Zergling x8  
  139  9:07  Zergling x6  
  124  9:20  Zergling x14  
  104  9:31  Grooved Spines  
  104  9:41  Nydus Network  
  104  9:45  Lurker x2  
  104  9:46  Hydralisk x6  
  104  9:47  Hydralisk x3  
  104  9:50  Drone x2  
  125  9:53  Spine Crawler  
  125  9:55  Queen  
  126  10:00  Pneumatized Carapace  
  126  10:09  Extractor  
  126  10:13  Lurker x2  
  127  10:15  Lurker  
  127  10:17  Drone x5  
  127  10:18  Overlord x2  
  133  10:27  Spine Crawler  
  122  11:06  Lurker x5  
  122  11:07  Lurker  
  128  11:18  Nydus Canal  
  128  11:21  Nydus Canal  
  128  11:32  Hydralisk  
  130  11:42  Hydralisk x3  
  130  11:43  Hydralisk x3  
  130  11:46  Hydralisk x6  
  141  12:01  Hydralisk x5  
  141  12:02  Hydralisk  
  141  12:06  Hydralisk x2  
  149  12:11  Hydralisk  
  149  12:14  Hydralisk  
  149  12:15  Hydralisk  
  136  12:41  Lurker  
  134  12:47  Extractor  
Show
View Real Time Build Order
Export as new Build Order

Tinc Protoss - Winner!

Build Orders:  

Get SALT Encoding   

  12  0:00  Probe (Chrono Boost)  
  13  0:10  Probe (Chrono Boost)  
  14  0:17  Pylon  
  14  0:21  Probe  
  15  0:35  Probe  
  15  0:37  Gateway  
  16  0:43  Assimilator  
  16  0:48  Probe  
  17  0:56  Pylon  
  17  1:00  Probe  
  18  1:08  Gateway  
  18  1:12  Probe  
  19  1:24  Probe  
  20  1:26  Cybernetics Core  
  20  1:35  Assimilator  
  20  1:36  Probe  
  21  1:49  Probe  
  21  1:53  Pylon  
  22  2:02  Stalker (Chrono Boost)  
  22  2:03  Stalker (Chrono Boost)  
  22  2:05  Warp Gate  
  26  2:14  Probe  
  27  2:22  Stalker x2  
  31  2:30  Probe  
  32  2:52  Nexus  
  32  2:55  Probe  
  33  3:07  Probe  
  34  3:46  Probe  
  35  3:49  Gateway  
  35  3:52  Twilight Council  
  33  4:06  Probe (Chrono Boost)  
  34  4:11  Pylon  
  34  4:14  Probe (Chrono Boost)  
  34  4:15  Stalker x2  
  34  4:16  Probe (Chrono Boost)  
  40  4:22  Probe (Chrono Boost)  
  40  4:23  Probe (Chrono Boost)  
  42  4:27  Probe (Chrono Boost)  
  43  4:32  Dark Shrine  
  43  4:33  Forge  
  43  4:36  Probe  
  44  4:39  Pylon, Stalker x2, Probe  
  49  4:48  Probe  
  49  4:49  Stalker  
  49  4:51  Probe  
  53  4:53  Pylon  
  53  4:59  Protoss Ground Weapons Level 1 (Chrono Boost)  
  53  5:00  Probe  
  53  5:03  Gateway  
  53  5:06  Blink  
  54  5:21  Photon Cannon  
  54  5:27  Probe  
  55  5:29  Assimilator, Probe  
  56  5:38  Stalker x2  
  60  5:47  Probe  
  60  5:48  Probe  
  62  5:58  Dark Templar x2  
  62  5:59  Probe  
  62  6:02  Dark Templar  
  69  6:05  Assimilator  
  69  6:07  Probe (Chrono Boost)  
  70  6:11  Probe (Chrono Boost), Nexus  
  70  6:16  Pylon  
  71  6:20  Pylon  
  71  6:23  Probe (Chrono Boost)  
  71  6:25  Probe (Chrono Boost)  
  73  6:30  Robotics Facility  
  73  6:32  Stalker  
  73  6:33  Stalker  
  73  6:39  Pylon, Probe x2  
  79  6:40  Pylon  
  79  6:46  Stalker x2  
  83  6:59  Protoss Ground Weapons Level 2  
  83  7:00  Stalker  
  83  7:01  Stalker  
  83  7:02  Probe x2  
  83  7:06  Photon Cannon  
  83  7:08  Assimilator  
  85  7:09  Charge (Chrono Boost)  
  85  7:15  Probe (Chrono Boost)  
  86  7:19  Observer  
  88  7:25  Probe (Chrono Boost)  
  88  7:26  Probe (Chrono Boost)  
  88  7:27  Assimilator  
  90  7:32  Probe (Chrono Boost)  
  90  7:35  Probe (Chrono Boost)  
  90  7:36  Sentry, Photon Cannon  
  94  7:37  Probe (Chrono Boost)  
  94  7:39  Probe (Chrono Boost)  
  94  7:41  Observer  
  96  7:53  Photon Cannon  
  96  7:56  Pylon  
  96  8:02  Pylon, Probe  
  97  8:07  Observer  
  97  8:08  Pylon  
  97  8:09  Robotics Facility  
  97  8:12  Robotics Facility  
  98  8:14  Pylon  
  98  8:23  Stalker x4  
  106  8:35  Stargate, Probe  
  106  8:38  Photon Cannon  
  106  8:40  Shield Battery  
  107  8:50  Probe  
  108  8:58  Robotics Bay  
  108  9:01  Pylon  
  108  9:16  Gateway x2  
  107  9:42  Colossus (Chrono Boost)  
  107  9:45  Colossus x2 (Chrono Boost)  
  107  9:46  Protoss Ground Weapons Level 3 (Chrono Boost)  
  107  9:49  Extended Thermal Lance  
  125  10:00  Phoenix  
  127  10:16  Pylon  
  127  10:25  Colossus x3 (Chrono Boost), Nexus  
  145  10:29  Pylon  
  145  10:33  Pylon x2  
  145  10:35  Pylon  
  144  10:45  Photon Cannon  
  144  10:48  Photon Cannon  
  144  10:51  Photon Cannon  
  144  10:52  Shield Battery  
  144  10:55  Photon Cannon  
  144  11:07  Stalker x4  
  144  11:08  Stalker x2  
  144  11:09  Colossus x3 (Chrono Boost)  
  174  11:20  Pylon  
  174  11:22  Probe x3  
  174  11:23  Assimilator  
  177  11:27  Assimilator  
  174  11:38  Stalker x2  
  174  11:39  Stalker x4  
  186  12:04  Stalker x5  
  186  12:05  Stalker  
  198  12:17  Photon Cannon  
  198  12:20  Pylon  
  198  12:26  Pylon  
  198  12:27  Dark Templar, Shield Battery  
Tags
 
Add a new tag
Caveats
  • Supply blocks, unpowered buildings, or Contaminate may cause inaccurate times.
  • Supply counts are checked every 10 seconds.